 Dungeon Crawl Stone Soup version 0.21-a0-338-g36cf2fc (webtiles) character file.

231 FollowTheCloud the Fighter (level 6, -9/61 HPs)
             Began as a Gnoll Wanderer on Oct 4, 2017.
             Mangled by an ice beast (12 damage)
             ... on level 4 of the Dungeon.
             The game lasted 00:05:31 (2104 turns).

FollowTheCloud the Fighter (Gnoll Wanderer)         Turns: 2104, Time: 00:05:32

Health: -9/61      AC:  5    Str: 13    XL:     6   Next: 3%
Magic:  8/8        EV: 11    Int: 15    God:
Gold:   114        SH:  0    Dex: 17    Spells: 8/8 levels left

rFire    . . .     SeeInvis .   a - +2 falchion
rCold    . . .     Gourm    .   (no shield)
rNeg     . . .     Faith    .   s - +0 ring mail
rPois    .         Spirit   .   (no helmet)
rElec    .         Reflect  .   (no cloak)
rCorr    .         Harm     .   (no gloves)
MR       .....                  (no boots)
Stlth    +++.......             (no amulet)
HPRegen  0.20/turn              (no ring)
MPRegen  0.11/turn              (no ring)

@: no status effects
A: distributed training, fangs 1, strong nose
a: no special abilities


You were on level 4 of the Dungeon.
You were not hungry.

You visited 1 branch of the dungeon, and saw 4 of its levels.

You collected 114 gold pieces.

Inventory:

Hand Weapons
 a - a +2 falchion (weapon)
 e - a +0 dagger
Missiles
 x - 3 javelins (quivered)
Armour
 d - a +0 robe
 s - a +0 ring mail (worn)
 y - a +0 scale mail
Jewellery
 v - an uncursed ring of protection from fire {unknown}
Scrolls
 c - 3 scrolls of teleportation
 i - 2 scrolls of fear {unknown}
 k - 4 scrolls of identify {unknown}
 l - a scroll of remove curse {unknown}
 m - a scroll of random uselessness {unknown}
 o - a scroll of amnesia {unknown}
 p - 2 scrolls of blinking {unknown}
 q - 2 scrolls of magic mapping {unknown}
 r - a scroll of enchant weapon {unknown}
 w - 2 scrolls of enchant armour {unknown}
Potions
 b - 6 potions of curing
 g - 3 potions of ambrosia {unknown}
 n - 2 potions of mutation {unknown}
 t - a potion of flight {unknown}
 u - a potion of resistance {unknown}
 A - a potion of lignification {unknown}
Comestibles
 f - 2 bread rations
 h - a royal jelly
 j - a meat ration


   Skills:
 + Level 10.5 Fighting
 + Level 1.7 Short Blades
 + Level 3.1 Long Blades
 + Level 1.7 Axes
 + Level 1.7 Maces & Flails
 + Level 1.7 Polearms
 + Level 1.7 Staves
 + Level 1.7 Slings
 + Level 1.7 Bows
 + Level 1.7 Crossbows
 + Level 3.1 Throwing
 + Level 1.7 Armour
 + Level 1.7 Dodging
 + Level 6.2 Stealth
   Level 0.0 Stabbing
 + Level 1.7 Shields
   Level 0.0 Traps
 + Level 1.7 Unarmed Combat
 + Level 1.7 Spellcasting
 + Level 1.7 Conjurations
 + Level 1.7 Hexes
 + Level 1.7 Charms
 + Level 1.7 Summonings
 + Level 1.7 Necromancy
 + Level 1.7 Translocations
 + Level 1.7 Transmutations
 + Level 1.7 Fire Magic
 + Level 1.7 Ice Magic
 + Level 1.7 Air Magic
 + Level 1.7 Earth Magic
 + Level 1.7 Poison Magic
 + Level 1.7 Invocations
 + Level 1.7 Evocations


You had 8 spell levels left.
You didn't know any spells.

Dungeon Overview and Level Annotations

Branches:
Dungeon (4/15)
 Temple: D:4-7

Altars:
Trog

Annotations:
D:2 1 exclusion, Sigmund
D:3 1 runed door
D:4 Edmund


Innate Abilities, Weirdness & Mutations

Your experience applies equally to all skills.
You have very sharp teeth.
Your uncanny sense of smell can sniff out nearby items.


Message History

The ice beast barely misses you.
You hit the ice beast.
The ice beast is moderately wounded.
The ice beast hits you but does no damage.
You hit the ice beast but do no damage.
The ice beast is moderately wounded.
The ice beast hits you. The ice beast freezes you! The ice beast hits you.
The ice beast freezes you!
You hit the ice beast but do no damage.
The ice beast is moderately wounded.
The ice beast hits you.
* * * LOW HITPOINT WARNING * * *
The ice beast freezes you!
* * * LOW HITPOINT WARNING * * *
You hit the ice beast but do no damage.
The ice beast is moderately wounded.
The ice beast hits you.
* * * LOW HITPOINT WARNING * * *
The ice beast freezes you!
You die...

####### #.....#
#########.###.#
#.........###.#
#.........#...# ###
#.........#.###
.....###.##+#.#.#
#.[...=@....#.#.#
#.##...#Y####.#.######
#........ #.#......#
.......<#.#.#.######.#
#....... .# # #.#
#....... .# #.#
##...... .. #.#
####..... . #.# #.# ∆
#.#


You could see an ice beast.

Vanquished Creatures
  A scorpion (D:4)
  A howler monkey (D:4)
  An iguana (D:4)
  A worker ant (D:4)
  3 adders
  2 worms
  5 leopard geckos
  An orc (D:2)
  A ball python (D:1)
  5 bats
  2 giant cockroaches (D:3)
  8 goblins
  6 hobgoblins
  3 jackals
  4 kobolds
  2 quokkas
  4 frilled lizards
  6 rats
56 creatures vanquished.

Notes
Turn   | Place    | Note
-------+----------+-------------------------------------------
     0 | D:1      | Reached skill level 10 in Fighting
     0 | D:1      | FollowTheCloud the Gnoll Wanderer began the quest for the Orb.
     0 | D:1      | FollowTheCloud set off with: a +2 falchion, a potion of curing, a scroll of teleportation, a +0 robe, a +0 dagger, a bread ration
     0 | D:1      | Reached XP level 1. HP: 28/28 MP: 1/1
   120 | D:1      | Reached XP level 2. HP: 35/36 MP: 2/2
   538 | D:2      | Noticed Sigmund
   638 | D:2      | Reached XP level 3. HP: 38/42 MP: 3/3
   804 | D:2      | Found a bloodstained altar of Trog.
  1167 | D:3      | Found a runed door.
  1190 | D:3      | Noticed an ogre
  1200 | D:3      | Reached skill level 1 in Short Blades
  1200 | D:3      | Reached skill level 1 in Axes
  1200 | D:3      | Reached skill level 1 in Maces & Flails
  1200 | D:3      | Reached skill level 1 in Polearms
  1200 | D:3      | Reached skill level 1 in Staves
  1200 | D:3      | Reached skill level 1 in Slings
  1200 | D:3      | Reached skill level 1 in Bows
  1200 | D:3      | Reached skill level 1 in Crossbows
  1200 | D:3      | Reached skill level 1 in Armour
  1200 | D:3      | Reached skill level 1 in Dodging
  1200 | D:3      | Reached skill level 1 in Shields
  1200 | D:3      | Reached skill level 1 in Unarmed Combat
  1200 | D:3      | Reached skill level 1 in Spellcasting
  1200 | D:3      | Reached skill level 1 in Conjurations
  1200 | D:3      | Reached skill level 1 in Hexes
  1200 | D:3      | Reached skill level 1 in Charms
  1200 | D:3      | Reached skill level 1 in Summonings
  1200 | D:3      | Reached skill level 1 in Necromancy
  1200 | D:3      | Reached skill level 1 in Translocations
  1200 | D:3      | Reached skill level 1 in Transmutations
  1200 | D:3      | Reached skill level 1 in Fire Magic
  1200 | D:3      | Reached skill level 1 in Ice Magic
  1200 | D:3      | Reached skill level 1 in Air Magic
  1200 | D:3      | Reached skill level 1 in Earth Magic
  1200 | D:3      | Reached skill level 1 in Poison Magic
  1200 | D:3      | Reached skill level 1 in Invocations
  1200 | D:3      | Reached skill level 1 in Evocations
  1393 | D:3      | Reached XP level 4. HP: 40/48 MP: 5/5
  1708 | D:4      | Reached XP level 5. HP: 31/54 MP: 6/6
  1966 | D:4      | Reached XP level 6. HP: 47/61 MP: 8/8
  1975 | D:4      | Noticed Edmund
  2093 | D:4      | Noticed an ice beast
  2104 | D:4      | HP: 3/61 [ice beast (2)]
  2104 | D:4      | Mangled by an ice beast

Vault maps used:
D:1:      dpeg_arrival_ternary
D:2:      serial_park_tiny_2, trog_butcher_becter, uniq_sigmund
D:3:      uniq_crazy_yiuf_cottage
D:4:      cheibrodos_quashed, gup_sewer_entry_spiral, first_bread, serial_shops,
          shop_fountains, uniq_ijyb, uniq_grinder, uniq_edmund

Skill      XL: |  1  2  3  4  5 |
---------------+----------------+-----
Fighting       | | 10.5
Stealth        | 6 |  6.2
Short Blades   | 1 |  1.7
Axes           | 1 |  1.7
Maces & Flails | 1 |  1.7
Polearms       | 1 |  1.7
Staves         | 1 |  1.7
Slings         | 1 |  1.7
Bows           | 1 |  1.7
Crossbows      | 1 |  1.7
Armour         | 1 |  1.7
Dodging        | 1 |  1.7
Shields        | 1 |  1.7
Unarmed Combat | 1 |  1.7
Spellcasting   | 1 |  1.7
Conjurations   | 1 |  1.7
Hexes          | 1 |  1.7
Charms         | 1 |  1.7
Summonings     | 1 |  1.7
Necromancy     | 1 |  1.7
Translocations | 1 |  1.7
Transmutations | 1 |  1.7
Fire Magic     | 1 |  1.7
Ice Magic      | 1 |  1.7
Air Magic      | 1 |  1.7
Earth Magic    | 1 |  1.7
Poison Magic   | 1 |  1.7
Invocations    | 1 |  1.7
Evocations     | 1 |  1.7
Long Blades    | 3 |  3.1
Throwing       | 3 |  3.1

Action                   |  1- 3 |  4- 6 || total
-------------------------+-------+-------++-------
Melee: Falchion          |    65 |    70 ||   135
       Bite              |     4 |     9 ||    13
       Punch             |       |     1 ||     1
 Stab: Sleeping          |    11 |     3 ||    14
  Eat: Chunk             |     2 |     2 ||     4
Armor: Robe              |     9 |       ||     9
       Ring mail         |       |    24 ||    24
Dodge: Dodged            |    43 |    52 ||    95
       Rpst.: Falchion   |    14 |    16 ||    30

Table legend:
 A = Spawn XP
 B = Non-spawn XP
 C = Spawn XP percentage of total XP
 D = Spawn monster count
 E = Non-spawn monster count
 F = Spawn count percentage of total count
 G = Total turns spent on level
                    A         B        C        D         E        F      G
               +---------+---------+-------+---------+---------+-------+---------
         Total |       0 |     330 |   0.0 |       0 |      56 |   0.0 |  2104
               +---------+---------+-------+---------+---------+-------+---------
           D:1 |       0 |      31 |   0.0 |       0 |      17 |   0.0 |   561
           D:2 |       0 |      57 |   0.0 |       0 |      17 |   0.0 |   834
           D:3 |       0 |      40 |   0.0 |       0 |      15 |   0.0 |   303
           D:4 |       0 |     202 |   0.0 |       0 |       7 |   0.0 |   406
               +---------+---------+-------+---------+---------+-------+---------
